AoeStats
← Bugsibär

Arabian Desert

508855624Analyzed
1v1 RM · 8d ago on Sep 24, 2026· 46m 34s· 2 players
Game mode
Random Map
Map size
Tiny (2 player)
Population
200
Speed
Normal
Resources
Standard
Victory
Conquest
Starting age
Dark Age
Ending age
Imperial Age
RankedLock teamsTeams togetherTeam positionsShared explorationLock speedFull tech treeHidden civsTurbo modeCheats
Victory
Defeat
🇩🇪 Franks · Germany
1775
+18
🇩🇪 Huns · Germany
1818
-18
Bugsibär
6:28 Loom
8:47 Feudal Age
9:20 Double-Bit Axe
8:59 Man-at-Arms
11:33 Double-Bit Axe
19:39 Castle Age
18:24 Fletching
19:05 Padded Archer Armor
20:18 Bodkin Arrow
21:27 Husbandry
24:39 Bow Saw
29:35 Scale Barding Armor
29:49 Leather Archer Armor
28:55 Elite Skirmisher
33:27 Ballistics
37:01 Scale Barding Armor
39:59 Forging
40:13 Chain Barding Armor
40:30 Town Watch
41:20 Wheelbarrow
44:43 Imperial Age
44:37 Iron Casting
44:45 Cavalier
45:26 Scale Mail Armor
46:09 Plate Barding Armor
47:35 Blast Furnace
SaintedByArmor
6:17 Loom
9:04 Feudal Age
9:32 Double-Bit Axe
10:37 Horse Collar
18:03 Fletching
22:59 Castle Age
21:31 Padded Archer Armor
23:15 Gold Mining
23:39 Bodkin Arrow
24:41 Bloodlines
24:11 Elite Skirmisher
25:34 Bow Saw
26:59 Gold Shaft Mining
27:06 Husbandry
29:06 Ballistics
34:40 Leather Archer Armor
35:06 Town Watch
35:56 Wheelbarrow
41:08 Imperial Age
41:50 Bracer
43:52 Chemistry
46:07 Thumb Ring
Connection lost

Rejoining the realm…

Still unreachable

The connection could not be restored.

Session expired

The server has moved on; the page needs a fresh start.